 Dungeon Crawl Stone Soup version 0.21.2-1-g0862bd23eb (webtiles) character file.

198 Hercules1031 the Shield-Bearer (level 6, -3/48 HPs)
             Began as a Formicid Fighter on Apr 26, 2019.
             Slain by an iguana (5 damage)
             ... on level 4 of the Dungeon.
             The game lasted 00:04:53 (1856 turns).

Hercules1031 the Shield-Bearer (Formicid Fighter)   Turns: 1856, Time: 00:04:54

Health: -3/48      AC:  8    Str: 22    XL:     6   Next: 5%
Magic:  6/6        EV:  9    Int:  8    God:
Gold:   185        SH: 10    Dex: 10    Spells: 5/5 levels left

rFire    . . .     SeeInvis +   a - +0 war axe
rCold    . . .     Gourm    .   c - +0 shield
rNeg     + . .     Faith    .   b - +0 scale mail
rPois    .         Spirit   .   (helmet unavailable)
rElec    .         Reflect  .   (no cloak)
rCorr    .         Harm     .   u - +0 pair of gloves
MR       .....                  (no boots)
Stlth    ..........             (no amulet)
HPRegen  0.16/turn              q - ring of positive energy
MPRegen  0.10/turn              (no ring)

@: no status effects
A: permanent stasis, dig shafts and tunnels, four strong arms, antennae 3
a: Dig, Shaft Self


You were on level 4 of the Dungeon.
You were not hungry.

You visited 1 branch of the dungeon, and saw 4 of its levels.

You collected 185 gold pieces.

Inventory:

Hand Weapons
 a - a +0 war axe (weapon)
Armour
 b - a +0 scale mail (worn)
 c - a +0 shield (worn)
 u - a +0 pair of gloves (worn)
Jewellery
 q - a ring of positive energy (left hand)
Wands
 z - a wand of digging (13)
Scrolls
 i - 2 scrolls of immolation {unknown}
 k - a scroll of blinking {unknown}
 l - 2 scrolls of amnesia
 o - 2 scrolls of teleportation {unknown}
 r - a scroll of identify
 s - a scroll of noise {unknown}
 v - a scroll of enchant armour {unknown}
 x - 2 scrolls of remove curse {unknown}
Potions
 d - 3 potions of might
 e - 2 potions of haste {unknown}
 g - a potion of flight {unknown}
 h - a potion of resistance {unknown}
 j - 2 potions of curing {unknown}
 m - 2 potions of degeneration {unknown}
 n - a potion of lignification {unknown}
 p - a potion of agility {unknown}
 t - a potion of magic {unknown}
 w - a potion of invisibility {unknown}
Books
 y - a book of Minor Magic

   Spells                             Type                      Level
   a - Magic Dart                     Conjuration                  1
   b - Blink                          Translocation                2
   c - Call Imp                       Summoning                    2
   d - Slow                           Hexes                        2
   e - Conjure Flame                  Conjuration/Fire             3
   f - Mephitic Cloud                 Conjuration/Poison/Air       3
Comestibles
 f - 8 rations


   Skills:
 + Level 4.2 Fighting
 + Level 3.1 Axes
 + Level 4.2 Armour
 + Level 1.9 Dodging
 + Level 4.6 Shields


You had 5 spell levels left.
You didn't know any spells.

Dungeon Overview and Level Annotations

Branches:
Dungeon (4/15)
 Temple: D:4-7

Altars:
Trog


Innate Abilities, Weirdness & Mutations

You cannot be hasted, slowed, berserked, paralysed or teleported.
You can dig through walls and to a lower floor.
Your four strong arms can wield two-handed weapons with a shield.
You have a pair of large antennae on your head. (SInv)


Message History

The iguana is lightly wounded.
The iguana bites you but does no damage.
You block the iguana's attack.
You hit the iguana.
The iguana is moderately wounded.
The iguana closely misses you.
You hit the iguana.
The iguana is moderately wounded.
The iguana misses you. You block the iguana's attack.
You hit the iguana.
The iguana is heavily wounded.
You block the iguana's attack.
You closely miss the iguana.
The iguana is heavily wounded.
The iguana bites you.
* * * LOW HITPOINT WARNING * * *
You hit the iguana but do no damage.
The iguana is heavily wounded.
The iguana bites you.
You die...

+......<.# .#
###......#..#.##
##...)........
#....♣♣♣.$...
#...♣# ....
#.†)♣ ... ##.)♣#
.. #...♣♣♣).. .
#.@.......
#.l###.##. #...
# #.#.# #. .. #!
#.# #+ .# ..


You could see an iguana.

Vanquished Creatures
  An orc priest (D:3)
  4 gnolls (D:4)
  7 adders
  An ooze (D:1)
  2 dart slugs
  A leopard gecko (D:3)
  3 orcs (D:3)
  5 bats
  3 giant cockroaches
  5 goblins
  5 hobgoblins
  8 jackals (D:1)
  A ball python (D:3)
  4 frilled lizards
  4 kobolds
  6 rats
60 creatures vanquished.

Notes
Turn   | Place    | Note
-------+----------+-------------------------------------------
     0 | D:1      | Hercules1031 the Formicid Fighter began the quest for the Orb.
     0 | D:1      | Reached XP level 1. HP: 18/18 MP: 1/1
   234 | D:1      | Reached XP level 2. HP: 24/24 MP: 2/2
   414 | D:1      | Reached XP level 3. HP: 23/29 MP: 3/3
   852 | D:2      | Reached skill level 1 in Dodging
   884 | D:2      | Reached XP level 4. HP: 26/37 MP: 4/4
  1138 | D:2      | Found a bloodstained altar of Trog.
  1307 | D:3      | Reached XP level 5. HP: 31/42 MP: 5/5
  1842 | D:4      | Reached XP level 6. HP: 11/48 MP: 6/6
  1855 | D:4      | HP: 2/48 [iguana (6)]
  1856 | D:4      | Slain by an iguana

Skill      XL: |  1  2  3  4  5 |
---------------+----------------+-----
Shields        | 4 |  4.6
Dodging        | 1 |  1.9
Fighting       | 4 |  4.2
Armour         | 4 |  4.2
Axes           | 3 |  3.1

Action                   |  1- 3 |  4- 6 || total
-------------------------+-------+-------++-------
Melee: War axe           |    73 |   100 ||   173
  Use: Scroll            |       |     2 ||     2
  Eat: Ration            |       |     1 ||     1
Armor: Scale mail        |    34 |    63 ||    97
Dodge: Dodged            |    24 |    51 ||    75
Block: Shield            |    40 |    61 ||   101
